 Dungeon Crawl Stone Soup version 0.28.0-45-g0d030f2227 (webtiles) character file.

Game seed: 5479902594566276927

776 DearestLeader the Shield-Bearer (level 7, -2/60 HPs)
             Began as a Gnoll Fighter on Apr 6, 2022.
             Slain by Blork the orc
             ... wielding a +0 glaive
              (11 damage)
             ... on level 4 of the Dungeon.
             The game lasted 00:05:08 (4181 turns).

DearestLeader the Shield-Bearer (Gnoll Fighter)     Turns: 4181, Time: 00:05:09

Health: -2/60      AC:  7    Str: 18    XL:     7   Next: 84%
Magic:  11/11      EV: 10    Int:  7    God:
Gold:   177        SH:  5    Dex: 11    Spells: 11/11 levels left

rFire   . . .      SeeInvis +   a - +0 war axe
rCold   . . .      Faith    .   c - +0 buckler
rNeg    . . .      Spirit   .   b - +0 scale mail
rPois   .          Reflect  .   (no helmet)
rElec   .          Harm     .   (no cloak)
rCorr   .          Rampage  .   (no gloves)
Will    .....                   (no boots)
Stlth   +.........              (no amulet)
HPRegen 0.20/turn               r - ring of flight
MPRegen 0.12/turn               t - ring of see invisible

@: flying
A: fangs 1, strong nose, distributed training
a: no special abilities


You were on level 4 of the Dungeon.
You visited 1 branch of the dungeon, and saw 4 of its levels.

You collected 177 gold pieces.

Inventory:

Hand Weapons
 a - a +0 war axe (weapon)
Missiles
 n - 9 poisoned darts (quivered)
Armour
 b - a +0 scale mail (worn)
 c - a +0 buckler (worn)
Jewellery
 r - a ring of flight (left hand)
 t - a ring of see invisible (right hand)
Scrolls
 e - 3 scrolls of magic mapping {unknown}
 h - 3 scrolls of identify {unknown}
 i - a scroll of noise {unknown}
 l - a scroll of silence {unknown}
 p - 2 scrolls of teleportation {unknown}
 q - a scroll of blinking {unknown}
Potions
 f - a potion of lignification {unknown}
 g - a potion of berserk rage {unknown}
 j - 2 potions of haste {unknown}
 k - 2 potions of mutation {unknown}
 m - a potion of ambrosia {unknown}
 o - 2 potions of flight {unknown}
 s - a potion of brilliance {unknown}


   Skills:
 + Level 7.1 Fighting
 + Level 2.7 Short Blades
 + Level 2.7 Long Blades
 + Level 5.4 Axes
 + Level 2.7 Maces & Flails
 + Level 2.7 Polearms
 + Level 2.7 Staves
 + Level 2.7 Slings
 + Level 2.7 Bows
 + Level 2.7 Crossbows
 + Level 2.7 Throwing
 + Level 7.1 Armour
 + Level 2.7 Dodging
 + Level 2.7 Stealth
 + Level 7.1 Shields
 + Level 2.7 Unarmed Combat
 + Level 2.7 Spellcasting
 + Level 2.2 Conjurations
 + Level 2.2 Hexes
 + Level 2.2 Summonings
 + Level 2.2 Necromancy
 + Level 2.2 Translocations
 + Level 2.2 Transmutations
 + Level 2.2 Fire Magic
 + Level 2.2 Ice Magic
 + Level 2.2 Air Magic
 + Level 2.2 Earth Magic
 + Level 2.2 Poison Magic
 + Level 3.0 Invocations
 + Level 2.7 Evocations


You had 11 spell levels left.
You didn't know any spells.
Your spell library contained the following spells:

 Spells                   Type           Power      Damage    Failure   Level
 Inner Flame              Hex/Fire       4%         N/A       83%         3
 Cause Fear               Hex            2%         N/A       99%         4
 Discord                  Hex            2%         N/A       100%        8


Dungeon Overview and Level Annotations

Branches:
Dungeon (4/15)             Temple (0/1) D:4

Altars:

Shops:
D:4 (

Annotations:
D:4 Blork the orc


Innate Abilities, Weirdness & Mutations

You have very sharp teeth.
Your uncanny sense of smell can sniff out nearby items.
Your experience applies equally to all skills.


Message History

You start resting.
HP restored.
There is a stone staircase leading down here.
You fly downwards.
Level annotation: Blork the orc
There is a stone staircase leading up here.
It was a potion of curing.
You feel better.
Blork the orc hits you from afar with a +0 glaive!
Blork the orc completely misses you.
You hit Blork the orc but do no damage.
Blork the orc hits you with a +0 glaive!
Blork the orc misses you.
You barely miss Blork the orc.
You bite Blork the orc, but do no damage.
Blork the orc gestures at you while chanting.
The magic dart hits you!
You hit Blork the orc but do no damage. Your bite misses Blork the orc.
Blork the orc points at you and mumbles some strange words.
You block the puff of flame.
You closely miss Blork the orc. Your bite misses Blork the orc.
Blork the orc hits you with a +0 glaive. x2
You hit Blork the orc.
Blork the orc is lightly wounded.
Blork the orc closely misses you.
You hit Blork the orc.
Blork the orc is lightly wounded.
Blork the orc gestures wildly while chanting.
Blork the orc seems to speed up.
You slash Blork the orc!
Blork the orc is heavily wounded.
Blork the orc casts a spell at you. The magic dart hits you.
Blork the orc hits you with a +0 glaive!
* * * LOW HITPOINT WARNING * * *
You barely miss Blork the orc.
Blork the orc is heavily wounded.
Blork the orc hits you with a +0 glaive.
* * * LOW HITPOINT WARNING * * *
Blork the orc hits you with a +0 glaive!
You die...

# #.# #.# #..#<# #
##'###.# ##.#.# #
##...##.# #.#.# #
##.....#.####.#.# #
##...............#
####.........####...##
...'.........'<......#
####.........##.....##
..###.......##..@....#
..# ##.....###...o...#
..# ##...## #.......#
..# #+######......#
..# #.#...###...#.#
..# #..###.######.#
#.# ##.##..........#
.. ###...#.###.######
...#.......# #.#


You could see Blork the orc (fast).

Vanquished Creatures
  Sigmund (D:2)
  A sky beast (D:3)
  An ogre (D:4)
  A scorpion (D:3)
  A hound (D:3)
  Natasha (thrice) (D:3)
  3 orc wizards
  4 gnolls
  8 adders
  A worm (D:2)
  3 dart slugs
  5 orcs
  6 ball pythons
  6 endoplasms
  4 giant cockroaches
  5 goblins
  2 hobgoblins
  3 quokkas
  7 bats
  A frilled lizard (D:1)
  3 kobolds
  3 rats
72 creatures vanquished.

Vanquished Creatures (others)
  2 plants (D:4)
2 creatures vanquished.

Grand Total: 74 creatures vanquished

Notes
Turn   | Place    | Note
-------+----------+-------------------------------------------
     0 | D:1      | DearestLeader the Gnoll Fighter began the quest for the
                  | Orb.
     0 | D:1      | Reached XP level 1. HP: 23/23 MP: 1/1
   202 | D:1      | Reached XP level 2. HP: 27/29 MP: 2/2
   570 | D:1      | Found a faded altar of an unknown god.
   984 | D:2      | Reached XP level 3. HP: 35/35 MP: 3/3
  1039 | D:2      | Reached skill level 1 in Invocations
  1098 | D:2      | Noticed Sigmund
  1112 | D:2      | Killed Sigmund
  1113 | D:2      | Reached skill level 1 in Short Blades
  1113 | D:2      | Reached skill level 1 in Long Blades
  1113 | D:2      | Reached skill level 1 in Maces & Flails
  1113 | D:2      | Reached skill level 1 in Polearms
  1113 | D:2      | Reached skill level 1 in Staves
  1113 | D:2      | Reached skill level 1 in Slings
  1113 | D:2      | Reached skill level 1 in Bows
  1113 | D:2      | Reached skill level 1 in Crossbows
  1113 | D:2      | Reached skill level 1 in Throwing
  1113 | D:2      | Reached skill level 1 in Dodging
  1113 | D:2      | Reached skill level 1 in Stealth
  1113 | D:2      | Reached skill level 1 in Unarmed Combat
  1113 | D:2      | Reached skill level 1 in Spellcasting
  1113 | D:2      | Reached skill level 1 in Conjurations
  1113 | D:2      | Reached skill level 1 in Hexes
  1113 | D:2      | Reached skill level 1 in Summonings
  1113 | D:2      | Reached skill level 1 in Necromancy
  1113 | D:2      | Reached skill level 1 in Translocations
  1113 | D:2      | Reached skill level 1 in Transmutations
  1113 | D:2      | Reached skill level 1 in Fire Magic
  1113 | D:2      | Reached skill level 1 in Ice Magic
  1113 | D:2      | Reached skill level 1 in Air Magic
  1113 | D:2      | Reached skill level 1 in Earth Magic
  1113 | D:2      | Reached skill level 1 in Poison Magic
  1113 | D:2      | Reached skill level 1 in Evocations
  1113 | D:2      | Reached XP level 4. HP: 33/41 MP: 4/6
  1113 | D:2      | Reached XP level 5. HP: 37/47 MP: 4/7
  1308 | D:2      | Reached XP level 6. HP: 44/53 MP: 8/8
  1932 | D:2      | Reached skill level 5 in Axes
  2240 | D:3      | Noticed Natasha
  2556 | D:3      | Killed Natasha
  2847 | D:3      | Noticed Natasha
  2856 | D:3      | Killed Natasha
  2985 | D:3      | Noticed Natasha
  2990 | D:3      | Killed Natasha
  2991 | D:3      | Reached XP level 7. HP: 54/59 MP: 10/10
  3852 | D:4      | Found Ohosa's Antique Weapon Boutique.
  3989 | D:4      | Found a staircase to the Ecumenical Temple.
  3989 | D:4      | Noticed Blork the orc
  4181 | D:4      | Slain by Blork the orc

Illustrated notes

Levels and vault maps discovered:
D:1:      nicolae_arrival_washed_ashore, layout_loops_ring,
          hellmonk_ecumenical_altar_zigzags, minmay_misc_feat_enclosed
D:2:      layout_loops_ring, uniq_sigmund
D:3:      layout_loops_ring, grunt_decor_one_mirror, minmay_misc_feat_x,
          uniq_natasha
D:4:      layout_loops_corners, nicolae_overflow_crystal_walls,
          minmay_temple_entry_slanted, serial_shops,
          nicolae_shop_overgrown_old_shop, corexii_item_surrounded_by_moat,
          due_unseen_surprise, uniq_blork_the_orc

Skill      XL: |  1  2  3  4  5  6  7 |
---------------+----------------------+-----
Invocations    | 1 2 3 |  3.0
Short Blades   | 1 2 |  2.7
Long Blades    | 1 2 |  2.7
Maces & Flails | 1 2 |  2.7
Polearms       | 1 2 |  2.7
Staves         | 1 2 |  2.7
Slings         | 1 2 |  2.7
Bows           | 1 2 |  2.7
Crossbows      | 1 2 |  2.7
Throwing       | 1 2 |  2.7
Dodging        | 1 2 |  2.7
Stealth        | 1 2 |  2.7
Unarmed Combat | 1 2 |  2.7
Spellcasting   | 1 2 |  2.7
Conjurations   | 1 2 |  2.2
Hexes          | 1 2 |  2.2
Summonings     | 1 2 |  2.2
Necromancy     | 1 2 |  2.2
Translocations | 1 2 |  2.2
Transmutations | 1 2 |  2.2
Fire Magic     | 1 2 |  2.2
Ice Magic      | 1 2 |  2.2
Air Magic      | 1 2 |  2.2
Earth Magic    | 1 2 |  2.2
Poison Magic   | 1 2 |  2.2
Evocations     | 1 2 |  2.7
Axes           | 5 |  5.4
Fighting       | 7 |  7.1
Armour         | 7 |  7.1
Shields        | 7 |  7.1

Action                   |  1- 3 |  4- 6 |  7- 9 || total
-------------------------+-------+-------+-------++-------
Melee: War axe           |    71 |   119 |    89 ||   279
       Bite              |     5 |     6 |     7 ||    18
  Use: Potion            |     1 |       |     1 ||     2
Armor: Scale mail        |    34 |    45 |    37 ||   116
Dodge: Dodged            |    32 |    59 |    37 ||   128
Block: Buckler           |    16 |    30 |    33 ||    79
